Map: Cactus Valley LE (Void)

Players

Hopt

  • Race: Terran Terran
  • League: Grandmaster
  • Spawn Location: 7:00

Railgan - Winner!

  • Race: Zerg Zerg
  • League: Grandmaster
  • Spawn Location: 1:00

VOD

Have the link to the VOD?

Description

Time

  • Played on: March 24, 2017, 7:07 p.m.
  • Length: 13:45
Show
View Real Time Build Order
Export as new Build Order

Hopt Terran 

Build Orders: Reaper Expand, MMM Bio 

Get SALT Encoding   

  12  0:00  SCV  
  13  0:12  SCV  
  14  0:17  Supply Depot  
  14  0:25  SCV  
  15  0:38  SCV  
  15  0:40  Barracks  
  16  0:46  Refinery  
  16  0:51  SCV  
  17  1:03  SCV  
  18  1:15  SCV  
  19  1:28  Orbital Command  
  19  1:29  Reaper  
  20  1:42  Command Center  
  20  1:53  Barracks  
  20  1:57  SCV  
  21  2:03  Barracks Reactor  
  21  2:07  Supply Depot  
  21  2:11  SCV  
  21  2:15  Refinery  
  22  2:23  SCV  
  22  2:28  Factory  
  23  2:37  SCV  
  23  2:39  Marine x2  
  25  2:45  Barracks Tech Lab  
  25  2:50  SCV  
  26  3:02  Marine x2, SCV  
  29  3:06  Marine  
  29  3:07  Stimpack  
  30  3:18  Starport, SCV  
  31  3:25  Factory Reactor  
  31  3:26  Marine x2  
  33  3:33  Orbital Command  
  33  3:35  SCV  
  33  3:36  Marine  
  34  3:44  Marine  
  34  3:45  Marine  
  34  3:47  SCV  
  37  3:54  Marine  
  37  3:55  Supply Depot  
  38  3:58  SCV  
  38  3:59  SCV  
  40  4:05  Marine x2  
  40  4:07  Medivac  
  44  4:10  SCV  
  44  4:16  Medivac  
  47  4:17  SCV  
  47  4:18  Supply Depot  
  47  4:22  Marine, SCV  
  50  4:24  Marine  
  50  4:26  Marine  
  50  4:29  SCV  
  53  4:35  SCV  
  54  4:40  Marine, Supply Depot  
  54  4:41  SCV  
  54  4:42  Marine  
  57  4:46  Supply Depot  
  57  4:47  SCV  
  58  4:54  SCV  
  58  4:55  Engineering Bay  
  58  4:56  Engineering Bay  
  58  4:59  Marine, SCV  
  61  5:00  Marine, Refinery  
  61  5:06  Marine, SCV  
  63  5:11  SCV  
  64  5:17  Marine  
  64  5:18  Marine, SCV  
  65  5:24  Marine  
  65  5:27  SCV  
  63  5:30  SCV  
  63  5:35  Marine x2  
  64  5:41  Medivac  
  64  5:42  Marine, Combat Shields  
  66  5:47  SCV  
  67  5:52  Marine, SCV  
  67  5:53  Marine  
  67  5:54  Terran Infantry Weapons Level 1  
  70  5:59  Marine  
  70  6:00  SCV  
  70  6:02  Terran Infantry Armor Level 1  
  71  6:05  SCV  
  71  6:10  Marine  
  73  6:11  Marine  
  73  6:12  SCV  
  73  6:13  Barracks x2  
  73  6:17  Marine  
  65  6:25  Medivac  
  65  6:26  Factory Tech Lab  
  65  6:28  Marine  
  65  6:29  Marine, Supply Depot x2  
  70  6:32  SCV  
  70  6:33  SCV  
  70  6:35  Marine  
  72  6:45  SCV x2  
  72  6:46  Marine, Siege Tank  
  78  6:50  Marine  
  78  6:53  Marine  
  78  6:57  Barracks  
  78  7:00  Marine x2  
  78  7:02  Medivac  
  78  7:04  Marine  
  78  7:08  Marine, Armory  
  82  7:11  Marine  
  82  7:22  Marine x3  
  83  7:24  Siege Tank, Medivac  
  83  7:25  Marine  
  89  7:31  Marine  
  85  7:39  Marine  
  85  7:40  Marine x2  
  82  7:48  Marine x3  
  66  7:57  Marine  
  66  7:58  Marine x2  
  67  8:03  Medivac  
  71  8:06  Marine x3  
  71  8:12  Siege Tank  
  77  8:15  Marine  
  77  8:16  Marine x2  
  73  8:24  Marine x3  
  67  8:27  Terran Infantry Weapons Level 2  
  67  8:33  Marine  
  67  8:34  Marine x2  
  63  8:44  Terran Infantry Armor Level 2  
  62  8:54  Barracks Reactor, Supply Depot  
  62  8:56  Supply Depot  
  62  9:05  Supply Depot  
  62  9:14  Command Center  
  62  9:15  Starport Reactor  
  62  9:16  Marine x5, SCV x2  
  70  9:26  Siege Tank  
  73  9:34  Marine x5  
  73  9:36  Barracks Tech Lab  
  74  9:41  Marine x2  
  74  9:42  Supply Depot x2  
  74  9:44  Supply Depot  
  76  9:51  Marine x4  
  76  9:52  Marine  
  68  10:05  Marine x3  
  69  10:07  Supply Depot  
  69  10:09  Marine  
  70  10:14  Marine  
  70  10:23  Marine  
  70  10:24  Medivac x2, Siege Tank  
  70  10:25  Marine x5  
  70  10:27  Marine  
  84  10:32  Marine  
  79  10:41  Marine  
  80  10:43  Marine, Orbital Command  
  80  10:44  SCV  
  82  10:55  Marine x2  
  82  10:56  Marine x4  
  71  10:59  Marine  
  71  11:01  Marine, SCV  
  68  11:09  SCV  
  69  11:12  Marine  
  69  11:13  Marine  
  69  11:14  Marine x3  
  74  11:22  Marine x2, SCV  
  77  11:28  Marine  
  77  11:31  Marine  
  79  11:33  Marine x2  
  79  11:38  Marine  
  79  11:39  Siege Tank  
  85  11:40  Marine  
  86  11:48  Supply Depot  
  86  11:49  Marine x3, Raven  
  91  11:56  Marine x2  
  91  11:57  Marine, Marauder  
  91  12:00  Supply Depot  
  91  12:01  Supply Depot  
  96  12:05  Marine x2  
  96  12:07  Marine  
  94  12:20  Marine  
  94  12:21  Marine x2  
  94  12:22  Marine x2  
  99  12:23  Marine  
  99  12:24  Marine, Marauder  
  99  12:25  Marine  
  104  12:32  Medivac  
  104  12:38  Marine x3  
  104  12:39  Marine  
  107  12:46  Orbital Command  
  107  12:51  Marine x2  
  94  12:52  Marine  
  94  12:57  Marine  
  93  13:00  Marine  
  93  13:04  Marine  
  95  13:16  Orbital Command  
  95  13:17  Marine  
  96  13:22  Marine x2  
  98  13:29  Starport Tech Lab  
Show
View Real Time Build Order
Export as new Build Order

Railgan Zerg - Winner!

Build Orders: Pool First, Lurkers 

Get SALT Encoding   

  12  0:00  Drone  
  13  0:12  Overlord  
  13  0:17  Drone  
  14  0:30  Drone x2  
  16  0:35  Drone  
  17  0:46  Spawning Pool  
  17  0:48  Drone  
  17  0:57  Drone  
  18  1:13  Extractor, Hatchery  
  18  1:17  Drone  
  17  1:20  Drone  
  18  1:34  Queen  
  18  1:35  Zergling x2  
  18  1:39  Drone  
  22  1:58  Overlord  
  22  2:15  Queen  
  22  2:16  Drone x2  
  22  2:20  Metabolic Boost  
  26  2:24  Drone  
  26  2:26  Queen  
  26  2:28  Drone  
  30  2:35  Drone  
  31  2:40  Drone  
  31  2:42  Drone, Overlord  
  31  2:43  Drone  
  34  2:44  Drone  
  34  2:47  Drone  
  36  2:55  Evolution Chamber  
  36  2:56  Drone  
  36  3:01  Drone  
  36  3:06  Drone  
  37  3:14  Drone  
  38  3:24  Zerg Ground Armor Level 1  
  38  3:25  Zergling x4  
  38  3:26  Drone x3  
  43  3:29  Overlord  
  42  3:35  Drone x2  
  42  3:41  Overlord  
  44  3:43  Extractor, Overlord  
  44  3:44  Extractor  
  44  3:45  Drone x2  
  44  3:51  Lair  
  44  3:54  Drone x2  
  46  3:55  Extractor  
  45  4:03  Zergling x6  
  45  4:06  Zergling x2  
  45  4:07  Drone  
  45  4:08  Drone x3  
  53  4:17  Drone x2  
  53  4:20  Queen  
  55  4:31  Drone  
  55  4:32  Drone  
  57  4:41  Zergling x12  
  57  4:43  Overlord  
  57  4:44  Overlord  
  63  4:52  Hydralisk Den  
  62  4:55  Queen  
  62  4:56  Queen  
  66  5:00  Zergling x2  
  66  5:01  Overlord  
  67  5:10  Zergling x2  
  67  5:11  Zergling x12  
  67  5:12  Zergling x2  
  75  5:18  Zergling x2  
  76  5:23  Hydralisk  
  76  5:25  Muscular Augments  
  76  5:31  Hydralisk  
  76  5:34  Zerg Ground Armor Level 2  
  77  5:36  Hydralisk  
  77  5:38  Hydralisk, Evolution Chamber  
  77  5:41  Drone  
  77  5:42  Drone  
  81  5:58  Hydralisk  
  82  6:04  Zerg Missile Weapons Level 1  
  82  6:07  Hydralisk x2  
  86  6:16  Hatchery  
  82  6:25  Hydralisk x4  
  84  6:28  Hydralisk  
  84  6:30  Overlord  
  92  6:33  Overlord  
  92  6:41  Overlord  
  92  6:43  Lurker Den  
  92  6:48  Hydralisk x3  
  95  7:00  Hydralisk x4  
  101  7:05  Drone  
  101  7:06  Drone  
  101  7:08  Drone  
  101  7:16  Hydralisk x2  
  101  7:22  Hydralisk  
  101  7:24  Hydralisk  
  99  7:31  Hydralisk  
  97  7:39  Hydralisk  
  95  7:49  Hydralisk x2, Drone  
  97  7:51  Drone  
  97  7:53  Drone x3  
  97  7:54  Hydralisk  
  97  7:56  Drone  
  103  8:00  Hydralisk x2  
  103  8:04  Hydralisk  
  103  8:05  Hydralisk  
  111  8:10  Hydralisk x2  
  111  8:11  Zergling x2  
  111  8:12  Hydralisk  
  116  8:17  Zergling x4  
  116  8:18  Zergling x4  
  116  8:23  Zerg Melee Weapons Level 1  
  116  8:25  Zerg Missile Weapons Level 2  
  106  8:36  Hydralisk  
  106  8:39  Drone x2  
  104  8:42  Drone x5  
  104  8:44  Drone  
  104  8:48  Drone  
  109  8:51  Drone  
  110  8:56  Lurker x2  
  110  8:57  Pneumatized Carapace  
  110  8:59  Zergling x8  
  110  9:00  Zergling x2  
  117  9:04  Drone  
  117  9:06  Overlord  
  117  9:09  Hydralisk  
  120  9:13  Extractor x2  
  118  9:18  Zergling x2  
  118  9:19  Zergling x2  
  120  9:26  Hatchery  
  120  9:29  Overlord  
  119  9:34  Overlord  
  119  9:35  Drone  
  119  9:36  Overlord  
  119  9:42  Hydralisk  
  120  9:52  Hydralisk  
  105  9:54  Hydralisk  
  105  9:58  Hydralisk  
  105  9:59  Hydralisk x5  
  113  10:02  Hydralisk  
  112  10:07  Zergling x2  
  112  10:12  Hydralisk  
  109  10:14  Hydralisk  
  109  10:15  Hydralisk x3  
  117  10:22  Drone  
  117  10:23  Drone  
  117  10:27  Drone  
  120  10:30  Infestation Pit  
  120  10:32  Hydralisk  
  120  10:34  Hydralisk  
  120  10:35  Hydralisk  
  122  10:39  Zergling x2  
  122  10:41  Queen  
  123  10:47  Hydralisk x4  
  130  10:55  Hydralisk  
  130  10:56  Hydralisk x4  
  121  11:00  Drone x2  
  121  11:01  Drone x2  
  129  11:04  Extractor  
  129  11:05  Extractor  
  129  11:07  Zerg Melee Weapons Level 2  
  129  11:08  Zergling x4  
  129  11:10  Spine Crawler  
  128  11:12  Spine Crawler  
  128  11:15  Zergling x4  
  129  11:20  Lurker  
  129  11:22  Overlord, Lurker x2  
  133  11:25  Drone  
  133  11:28  Drone x2  
  133  11:29  Drone  
  133  11:30  Drone, Zergling x2  
  138  11:36  Lurker  
  138  11:37  Lurker  
  138  11:38  Zergling x12  
  138  11:39  Zergling x2  
  147  11:44  Hydralisk x2  
  151  11:49  Hydralisk, Overlord  
  151  11:54  Hydralisk  
  150  11:56  Hydralisk  
  150  11:57  Hydralisk  
  156  12:03  Hydralisk  
  156  12:04  Hydralisk  
  156  12:05  Hive  
  156  12:07  Overlord  
  160  12:10  Overlord  
  160  12:13  Overlord  
  159  12:21  Overlord  
  158  12:28  Hydralisk  
  157  12:33  Hydralisk x5  
  157  12:36  Zergling x4  
  157  12:37  Zergling x4  
  170  12:39  Drone, Overlord  
  170  12:41  Drone x2  
  173  12:44  Hydralisk  
  173  12:45  Hydralisk  
  173  12:47  Hydralisk  
  166  12:53  Hydralisk  
  166  12:54  Zergling x2  
  160  13:02  Zergling x6  
  162  13:11  Drone  
  162  13:17  Hydralisk x2, Spire  
  166  13:20  Lurker x3  
  166  13:21  Lurker, Zergling x2  
  166  13:22  Zergling x2  
Tags
 
Add a new tag
Caveats
  • Supply blocks, unpowered buildings, or Contaminate may cause inaccurate times.
  • Supply counts are checked every 10 seconds.